 Dungeon Crawl Stone Soup version 0.32-a0-747-gc8563f6773 (webtiles) character file.

Game seed: 6468618275876204211

45 Aldia the Trooper (level 3, -2/37 HPs)
             Began as an Oni Warper on Mar 18, 2024.
             Slain by a scorpion (5 damage)
             ... on level 2 of the Dungeon.
             The game lasted 00:02:08 (1496 turns).

Aldia the Trooper (Oni Warper)                      Turns: 1496, Time: 00:02:09

Health: -2/37      AC:  4    Str: 15    XL:     3   Next: 64%
Magic:  6/6        EV:  8    Int: 16    God:
Gold:   63         SH:  0    Dex:  8    Spells: 3/7 levels left

rFire   . . .        a - +0 mace
rCold   . . .        (no shield)
rNeg    . . .        b - +0 robe
rPois   .            (helmet restricted)
rElec   .            f - +0 cloak
rCorr   .            (gloves unavailable)
SInv    .            (boots unavailable)
Will    .....        (no amulet)
Stlth   +            (no ring)
HPRegen 0.26/turn    (no ring)
MPRegen 0.10/turn

%: no passive effects
@: lethally poisoned (-2 -> -11)
A: large, unfitting armour, horns 1, tough skin 1, double potion healing,
drunken brawling
a: no special abilities


You were on level 2 of the Dungeon.
You visited 1 branch of the dungeon, and saw 2 of its levels.

You collected 63 gold pieces.

Inventory:

Hand Weapons
 a - a +0 mace (weapon)
Missiles
 d - 5 darts of dispersal (quivered)
 e - 7 poisoned darts
Armour
 b - a +0 robe (worn)
 f - a +0 cloak (worn)
 o - a scarf of invisibility
Magical Staves
 q - a staff of death
Scrolls
 c - a scroll of blinking
 i - a scroll of fear {unknown}
 n - a scroll of butterflies {unknown}
 p - a scroll of amnesia {unknown}
Potions
 h - a potion of curing {unknown}
 j - a potion of enlightenment {unknown}
 k - 2 potions of haste {unknown}
 l - a potion of magic {unknown}
 m - a potion of mutation {unknown}


   Skills:
 + Level 3.6 Fighting
 * Level 3.3 Maces & Flails
 - Level 1.0 Throwing
 - Level 2.1 Dodging
 - Level 2.5 Spellcasting
 - Level 2.6 Translocations


You had 3 spell levels left.
You knew the following spells:

 Your Spells              Type           Power      Damage    Failure   Level
a - Blink                 Tloc           20%        N/A       10%         2
b - Lesser Beckoning      Tloc           20%        N/A       10%         2

Your spell library contained the following spells:

 Spells                   Type           Power      Damage    Failure   Level
 Teleport Other           Tloc           10%        N/A       21%         3
 Manifold Assault         Tloc           10%        N/A       54%         4
 Vhi's Electric Charge    Tloc/Air       12%        N/A       75%         4


Dungeon Overview and Level Annotations

Branches:
Dungeon (2/15)

Altars:


Innate Abilities, Weirdness & Mutations

You are too large for most types of armour.
You have a pair of small horns on your head.
You have tough skin. (AC +1)
You gain doubled healing and magic from potions.
Whenever you drink a healing potion, you attack all around you.


Message History

* * * LOW HITPOINT WARNING * * *
You are more poisoned.
The scorpion poisons you!
You take a swig of the potion and twirl your +0 mace.
You hit the scorpion.
The scorpion is heavily wounded.
You savour every drop.
You feel much better.
You feel very sick. The scorpion stings you.
You are more poisoned.
The scorpion poisons you!
Unknown command.
Unknown command.
You hit the scorpion.
The scorpion is almost dead.
You feel very sick. The scorpion stings you. The scorpion barely misses you.
You hit the scorpion but do no damage.
The scorpion is almost dead.
You feel very sick. The scorpion stings you.
You hit the scorpion.
The scorpion is almost dead.
You feel sick. The scorpion stings you.
* * * LOW HITPOINT WARNING * * *
You are lethally poisoned!
The scorpion poisons you!
The scorpion stings you but does no damage.
You closely miss the scorpion.
The scorpion is almost dead.
* * * LOW HITPOINT WARNING * * *
You feel very sick.
The scorpion stings you but does no damage.
You completely miss the scorpion.
You headbutt the scorpion, but do no damage.
The scorpion is almost dead.
* * * LOW HITPOINT WARNING * * *
You feel very sick. The scorpion stings you.
You die...

...##..............##
... ##......#.....##
.. ##.#.######### .
#.....##########
###.s..........#######
###..#######........
##..# #########
####.#### #.@s....##
#........?..
#.......#### #.......#
#########


You could see a scorpion.

Vanquished Creatures
  A dart slug (D:2)
  3 bats
  9 endoplasms
  2 giant cockroaches (D:2)
  A goblin (D:2)
  4 hobgoblins (D:1)
  2 quokkas (D:1)
  5 ball pythons
  5 frilled lizards
  3 kobolds
  5 rats
40 creatures vanquished.

Notes
Turn   | Place    | Note
-------+----------+-------------------------------------------
     0 | D:1      | Aldia the Oni Warper began the quest for the Orb.
     0 | D:1      | Reached XP level 1. HP: 22/22 MP: 3/3
   395 | D:1      | Found a faded altar of an unknown god.
   415 | D:1      | Reached XP level 2. HP: 31/31 MP: 5/5
   805 | D:1      | Reached XP level 3. HP: 9/37 MP: 6/6
  1143 | D:2      | Learned a level 2 spell: Blink
  1146 | D:2      | Learned a level 2 spell: Lesser Beckoning
  1285 | D:2      | Identified the +4 dagger of the Spinneret {flame, rElec
                  | rPois rN++ Int-4}
  1474 | D:2      | Noticed a scorpion
  1496 | D:2      | Slain by a scorpion

Illustrated notes

Levels and vault maps discovered:
D:1:      roderic_dead_forest, layout_loops_ring, ebering_ecumenical_altar_rust,
          nicolae_hexahallways, nrook_uturn
D:2:      layout_rooms, eino_tiny_chamber

Skill      XL: |  1  2 |
---------------+-------+-----
Fighting       | 3 |  3.6
Maces & Flails | 3 |  3.3
Throwing       | |  1.0
Dodging        | |  2.1
Spellcasting   | |  2.5
Translocations | |  2.6

Action                     || total
---------------------------++-------
  Melee: Mace              ||   112
         Headbutt          ||    11
  Throw: Dart              ||     2
    Use: Potion            ||     2
   Stab: Sleeping          ||     1
 Armour: Robe              ||    96
  Dodge: Dodged            ||    52

Table legend: (Time is in decaauts)
 A = Elapsed time spent in this place.
 B = Non-inter-level travel time spent in this place.
 C = Inter-level travel time spent in this place.
 D = Time resting spent in this place.
 E = Time spent auto-exploring this place.
 F = Levels seen in this place.
 G = Mean time per level.
                   A        B        C        D        E       F      G
               +--------+--------+--------+--------+--------+-----+--------+
         Total |   1524 |   1479 |     45 |      0 |   1162 |   2 |  762.0 |
       Dungeon |   1524 |   1479 |     45 |      0 |   1162 |   2 |  762.0 |
               +--------+--------+--------+--------+--------+-----+--------+

Top non-repeatable levels by time:
     D:1: 1149 daAuts
     D:2: 375 daAuts
